 Dungeon Crawl Stone Soup version 0.19.5 (webtiles) character file.

2814 wolfsongas the Basher (level 9, -6/77 HPs)
             Began as a Minotaur Fighter on May 5, 2017.
             Was a Follower of the Shining One.
             Mangled by Maruxus's ghost (23 damage)
             ... on level 8 of the Dungeon.
             The game lasted 00:23:48 (6112 turns).

wolfsongas the Basher (Minotaur Fighter)            Turns: 6112, Time: 00:23:49

Health: -6/77      AC: 16    Str: 20 (21) XL:     9   Next: 44%
Magic:  8/8        EV: 15    Int:  4 (5)  God:    the Shining One [*.....]
Gold:   392        SH:  0    Dex: 17      Spells: 0 memorised, 8 levels left

rFire  . . .     SeeInvis .     m - +4 flail "Jiegixue" {crush, rElec Dex+4}
rCold  . . .     Gourm    .     w - +2 plate armour
rNeg   . . .     Faith    .     (no shield)
rPois  .         Spirit   .     (helmet unavailable)
rElec  +         Reflect  .     j - +0 cloak {MR+}
rCorr  .         Harm     .     (no gloves)
MR     +....                    (no boots)
Stlth  ..........               (no amulet)
                                (no ring)
                                e - +6 ring of evasion

@: glowing
A: retaliatory headbutt, horns 3, deterioration 1, mutation resistance 1, no
device heal 1
a: Renounce Religion


You were on level 8 of the Dungeon.
You worshipped the Shining One.
The Shining One was aware of your devotion.
You were full.

You visited 2 branches of the dungeon, and saw 10 of its levels.

You collected 392 gold pieces.

Inventory:

Hand Weapons
 m - the +4 flail "Jiegixue" (weapon) {crush, rElec Dex+4}
   (You found it on level 6 of the Dungeon)

   It inflicts extra damage upon your enemies.
   It affects your dexterity (+4).
   It insulates you from electricity.
Armour
 c - a +0 shield
 j - a +0 cloak of magic resistance (worn)
 o - a +0 chain mail
 w - a +2 plate armour (worn)
Jewellery
 e - a +6 ring of evasion (left hand)
Wands
 r - a wand of flame (17/48)
 t - a wand of iceblast (7/15)
Scrolls
 b - a scroll of identify
 i - 5 scrolls of remove curse
 s - 2 scrolls of teleportation
Potions
 k - a potion of curing
 p - a potion of brilliance
 q - a potion of flight
 u - a potion of magic
Comestibles
 a - a royal jelly
 f - a bread ration
 g - 4 beef jerkies
 h - 4 meat rations
 l - 5 fruits


   Skills:
 + Level 6.3 Fighting
 * Level 11.8 Maces & Flails
 * Level 7.3 Armour
 + Level 5.3 Dodging
 - Level 3.6 Shields


You had 8 spell levels left.
You didn't know any spells.

Dungeon Overview and Level Annotations

Branches:
Dungeon (9/15)             Temple (1/1) D:7
   Lair: D:8-11         Orc: D:9-12

Altars:
Ashenzari
Cheibriados
Elyvilon
Fedhas
Gozag
Hepliaklqana
Kikubaaqudgha
Makhleb
Nemelex Xobeh
Okawaru
Qazlal
Ru
Sif Muna
Trog
Uskayaw
Vehumet
Zin
The Shining One

Shops:
D:2 *   D:4 %}((   D:6 %   D:8 (

Annotations:
D:8 Maruxus's ghost, novice MiBe


Innate Abilities, Weirdness & Mutations

You reflexively headbutt those who attack you in melee.
You have a pair of large horns on your head.
Your body sometimes deteriorates upon taking damage.
You are somewhat resistant to further mutation.
Potions and wands are less effective at restoring your health.


Message History

Maruxus's ghost hits you!
Your body deteriorates!
You feel dopey.
You sock Maruxus's ghost!
Maruxus's ghost is moderately damaged.
Maruxus's ghost hits you!
You barely miss Maruxus's ghost.
Maruxus's ghost is moderately damaged.
You hit Maruxus's ghost but do no damage.
Maruxus's ghost is moderately damaged.
Maruxus's ghost hits you!!
* * * LOW HITPOINT WARNING * * *
Your body deteriorates!
You feel weakened.
You sock Maruxus's ghost!
Maruxus's ghost is heavily damaged.
Maruxus's ghost misses you. You furiously retaliate!
You headbutt Maruxus's ghost. You sock Maruxus's ghost!
Maruxus's ghost is heavily damaged.
Maruxus's ghost hits you!!
You die...

...#.####....##.##......##
.............................
##.######..#.##.######.###.##
...<..................... ..
######.###......(.# #.### ##
######.##.......#.# #.#
........'.......#.# #.#
........#...[..)#.#.# .#
.#####.####+##.W@...#
.#####.####.#####)#.#
.............. .#
.............. ..
.#####.#.##.## .#. .# #.#.# #
.... .#####.#.# .# .#
........ . .. .. ........ .


You could see Maruxus's ghost.

Vanquished Creatures
  2 hippogriffs
  A yak (D:8)
  A water moccasin (D:5)
  An ice beast (D:7)
  The ghost of Tinven the Covered, an amateur MiFi of Trog (D:5)
  2 ogres
  2 phantoms (D:7)
  A sky beast (D:8)
  A centaur (D:8)
  The ghost of Pekkit the Caller, an amateur TeSu (D:3)
  2 bullfrogs (D:7)
  4 scorpions
  A howler monkey (D:4)
  2 crimson imps
  Crazy Yiuf (D:5)
  A jelly (D:8)
  4 orc priests
  A gnoll shaman (D:8)
  2 hounds
  9 orc wizards
  2 bullfrog skeletons
  Ijyb (D:3)
  Terence (D:3)
  6 worker ants
  7 gnolls (D:8)
  5 adders
  4 worms
  5 dart slugs
  7 leopard geckos
  25 orcs
  6 giant cockroaches
  4 goblins
  8 hobgoblins
  8 jackals
  7 kobolds
  4 quokkas
  2 ball pythons
  7 bats
  5 frilled lizards
  A leopard gecko zombie (D:5)
  2 quokka skeletons
  8 rats
165 creatures vanquished.

Notes
Turn   | Place    | Note
-------+----------+-------------------------------------------
     0 | D:1      | wolfsongas the Minotaur Fighter began the quest for the Orb.
     0 | D:1      | Reached XP level 1. HP: 19/19 MP: 0/0
   181 | D:1      | Reached skill level 3 in Maces & Flails
   227 | D:1      | Reached XP level 2. HP: 26/26 MP: 1/1
   594 | D:1      | Reached skill level 4 in Maces & Flails
   690 | D:2      | Reached XP level 3. HP: 31/31 MP: 2/2
   943 | D:2      | Found Zin's Purification Station.
   946 | D:2      | Found a glowing silver altar of Zin.
   992 | D:2      | Reached skill level 5 in Maces & Flails
  1192 | D:3      | Noticed Ijyb
  1198 | D:3      | Killed Ijyb
  1198 | D:3      | Reached XP level 4. HP: 39/39 MP: 3/3
  1201 | D:3      | Noticed Terence
  1209 | D:3      | Killed Terence
  1209 | D:3      | Reached skill level 6 in Maces & Flails
  1434 | D:3      | Noticed Pekkit's ghost (amateur TeSu)
  1448 | D:3      | Killed Pekkit's ghost
  1448 | D:3      | Reached skill level 7 in Maces & Flails
  1448 | D:3      | Reached XP level 5. HP: 45/45 MP: 4/4
  1937 | D:4      | Found Jonnoq's Weapon Shop.
  1984 | D:4      | Reached XP level 6. HP: 41/51 MP: 5/5
  2048 | D:4      | Reached skill level 8 in Maces & Flails
  2145 | D:4      | Found Efum's Weapon Shoppe.
  2154 | D:4      | Found Kaimpyul's Gadget Emporium.
  2423 | D:4      | Reached skill level 9 in Maces & Flails
  2486 | D:4      | Reached XP level 7. HP: 37/57 MP: 6/6
  2850 | D:4      | Found Ypuidd's Food Shop.
  2929 | D:5      | Entered Level 5 of the Dungeon
  2993 | D:5      | Noticed Tinven's ghost (amateur MiFi)
  3007 | D:5      | Killed Tinven's ghost
  3007 | D:5      | Reached skill level 10 in Maces & Flails
  3071 | D:5      | Reached skill level 1 in Dodging
  3191 | D:5      | Noticed a hippogriff
  3203 | D:5      | Killed a hippogriff
  3203 | D:5      | Reached XP level 8. HP: 46/66 MP: 7/7
  3415 | D:5      | Found a sparkling altar of Nemelex Xobeh.
  3449 | D:5      | Found a runed door.
  3453 | D:5      | Noticed Crazy Yiuf
  3457 | D:5      | Killed Crazy Yiuf
  3587 | D:6      | Got a warped flail
  3588 | D:6      | Identified the +4 flail "Jiegixue" {crush, rElec Dex+4} (You found it on level 6 of the Dungeon)
  3752 | D:6      | Found Toxt's Food Emporium.
  4232 | D:7      | Found a snail-covered altar of Cheibriados.
  4232 | D:7      | Found a sacrificial altar of Ru.
  4236 | D:7      | Found a shattered altar of Ashenzari.
  4236 | D:7      | Found a stormy altar of Qazlal.
  4311 | D:7      | Found a staircase to the Ecumenical Temple.
  4323 | Temple   | Entered the Ecumenical Temple
  4330 | Temple   | Became a worshipper of the Shining One
  4432 | D:7      | Reached skill level 5 in Armour
  4442 | D:7      | Reached skill level 5 in Fighting
  4604 | D:7      | Found a radiant altar of Vehumet.
  4616 | D:7      | Found an ancient bone altar of Kikubaaqudgha.
  4633 | D:7      | Found a deep blue altar of Sif Muna.
  4813 | D:7      | Reached skill level 11 in Maces & Flails
  5214 | D:8      | Reached XP level 9. HP: 62/75 MP: 8/8
  5251 | D:8      | Reached * piety under the Shining One
  5445 | D:8      | Reached skill level 5 in Dodging
  5452 | D:8      | Gained mutation: Your flesh is heat resistant. (rF+) [mutagenic meat]
  5453 | D:8      | Gained mutation: Your body sometimes deteriorates upon taking damage. [mutagenic meat]
  5454 | D:8      | Gained mutation: You have a pair of large horns on your head. [mutagenic meat]
  5455 | D:8      | Lost mutation: Your flesh is heat resistant. (rF+) [mutagenic meat]
  5456 | D:8      | Gained mutation: Potions and wands are less effective at restoring your health. [mutagenic meat]
  5497 | D:8      | Found Guveerec's Antique Weapon Boutique.
  5513 | D:8      | Noticed Maruxus's ghost (novice MiBe)
  6024 | D:9      | Gained mutation: You are somewhat resistant to further mutation. [potion of mutation]
  6112 | D:8      | Mangled by Maruxus's ghost

Skill      XL: |  1  2  3  4  5  6  7  8  9 |
---------------+----------------------------+-----
Maces & Flails | 3 4 5 7 9 10 11 | 11.8
Dodging        | 2 4 5 |  5.3
Fighting       | 4 5 6 |  6.3
Armour         | 4 6 7 |  7.3
Shields        | |  3.6

Action                   |  1- 3 |  4- 6 |  7- 9 || total
-------------------------+-------+-------+-------++-------
Melee: Flail             |   115 |   149 |   237 ||   501
       Headbutt          |    14 |    26 |    49 ||    89
  Use: Scroll            |     4 |     4 |    17 ||    25
       Potion            |     1 |     6 |     5 ||    12
  Eat: Bread ration      |     2 |       |     3 ||     5
       Royal jelly       |       |       |     1 ||     1
       Chunk             |       |       |     5 ||     5
Armor: Scale mail        |    26 |       |       ||    26
       Chain mail        |    13 |    59 |    16 ||    88
       Plate armour      |       |       |    79 ||    79
Dodge: Dodged            |    75 |    86 |   161 ||   322
Block: Shield            |    20 |       |       ||    20
